 Dungeon Crawl Stone Soup version 0.28.0 (webtiles) character file.

Game seed: 1809653091562599682

515 mortz the Magician (level 7, 0/46 HPs)
             Began as a Djinni Conjurer on Feb 14, 2022.
             Slain by a gnoll sergeant (13 damage)
             ... on level 4 of the Dungeon.
             The game lasted 00:43:48 (4681 turns).

mortz the Magician (Djinni Conjurer)                Turns: 4681, Time: 00:43:49

Health: 0/46       AC:  3    Str:  6    XL:     7   Next: 44%
Gold:   131        EV: 11    Int: 22    God:
                   SH:  0    Dex: 11

rFire   + + .      SeeInvis .   c - +2 hand axe (elec)
rCold   x . .      Faith    .   (no shield)
rNeg    . . .      Spirit   .   m - +0 leather armour
rPois   ∞          Reflect  .   (no helmet)
rElec   .          Harm     .   (no cloak)
rCorr   .          Rampage  .   (no gloves)
Will    .....                   (boots unavailable)
Stlth   ++........              (no amulet)
HPRegen 0.15/turn               (no ring)
MPRegen 0.00/turn               (no ring)

@: flying
A: sickness immunity, fire resistance 2, cold vulnerability 1, float, innate
caster, HP casting, extra vitality 1
a: no special abilities


You were on level 4 of the Dungeon.
You visited 1 branch of the dungeon, and saw 4 of its levels.
You also visited: Ossuary.

You collected 131 gold pieces.

Inventory:

Hand Weapons
 c - a +2 hand axe of electrocution (weapon)
 l - a +0 dagger of electrocution
 q - a +1 falchion of holy wrath
 s - a +0 rapier of freezing
 y - a +0 vorpal flail
Armour
 h - a +0 buckler
 m - a +0 leather armour (worn)
Wands
 i - a wand of mindburst (8)
 r - a wand of flame (7)
Scrolls
 a - a scroll of teleportation {unknown}
 n - 4 scrolls of identify {unknown}
 o - 2 scrolls of fear {unknown}
 u - a scroll of enchant weapon {unknown}
 v - 2 scrolls of immolation
 w - a scroll of enchant armour {unknown}
 x - a scroll of amnesia {unknown}
Potions
 b - a potion of invisibility {unknown}
 d - a potion of lignification {unknown}
 e - 4 potions of curing {unknown}
 f - a potion of cancellation {unknown}
 g - 5 potions of mutation
 j - a potion of might {unknown}
 k - a potion of attraction {unknown}
 p - a potion of magic {unknown}
 t - a potion of flight {unknown}
 z - a potion of brilliance {unknown}


   Skills:
 + Level 0.4 Fighting
 * Level 0.7 Long Blades
 * Level 2.1 Axes
 + Level 1.7 Armour
 + Level 2.7 Dodging
 + Level 2.8 Stealth
 + Level 5.2 Spellcasting
 + Level 0.3 Evocations


You couldn't memorise any spells.
You knew the following spells:

 Your Spells              Type           Power      Damage    Failure   Level
a - Magic Dart            Conj           100%       1d8       1%          1
b - Searing Ray           Conj           56%        2d6       2%          2
c - Dazzling Flash        Conj/Hex       56%        N/A       4%          3
d - Fulminant Prism       Conj/Hex       14%        3d9       17%         4
e - Iskenderun's Mystic   Conj/Tloc      28%        2d7       17%         4
f - Beastly Appendage     Tmut           56%        N/A       1%          1
g - Ensorcelled Hibernat  Hex/Ice        56%        N/A       2%          2
h - Lesser Beckoning      Tloc           28%        N/A       4%          3
Your spell library was empty.

Dungeon Overview and Level Annotations

Branches:
Dungeon (4/15)            Ossuary (visited)
 Temple: D:4-7

Altars:
The Shining One

Shops:
D:3 (   D:4 !


Innate Abilities, Weirdness & Mutations

You are immune to sickness and miasma.
You are immune to poison.
Your flesh is very heat resistant. (rF++)
You are vulnerable to cold. (rC-)
You float through the air rather than walking.
You learn spells naturally, not from books.
Your magical power is your life essence.
You have superior vitality. (+4 MHP)


Message History

You see here a +0 vorpal flail.
y - a +0 vorpal flail
Things that are here:
a +0 trident; an orc corpse A gnoll sergeant comes into view.
It is wielding a +0 trident.
Aiming: Magic Dart (safe; 1% risk of failure)
Press: ? - help, Q - select action, (/) - cycle Shift-Dir - straight line, f - gnoll sergeant
Aim: a gnoll sergeant, wielding a +0 trident, wearing a +0 ring mail and wearing a +0 kite shield (wandering, hasn't noticed you, 100% to hit)
The magic dart hits the gnoll sergeant.
The gnoll sergeant is lightly wounded.
The gnoll sergeant shouts!
Aiming: Magic Dart (safe; 1% risk of failure)
Press: ? - help, Q - select action, (/) - cycle Shift-Dir - straight line, f - you
Okay, then.
Aiming: Magic Dart (safe; 1% risk of failure)
Press: ? - help, Q - select action, (/) - cycle Shift-Dir - straight line, f/p - gnoll sergeant
Aim: a gnoll sergeant, wielding a +0 trident, wearing a +0 ring mail and wearing a +0 kite shield (lightly wounded, 100% to hit)
The magic dart hits the gnoll sergeant.
The gnoll sergeant is moderately wounded.
The gnoll sergeant hits you from afar with a +0 trident!
Casting: Magic Dart (safe; 1% risk of failure)
Confirm with . or Enter, or press ? or * to list all spells.
Aiming: Searing Ray (safe; 2% risk of failure)
Press: ? - help, Shift-Dir - straight line, f/p - gnoll sergeant
Aim: a gnoll sergeant, wielding a +0 trident, wearing a +0 ring mail and wearing a +0 kite shield (moderately wounded, 87% to hit)
The searing ray hits the gnoll sergeant.
The gnoll sergeant is moderately wounded. (Press . to maintain the ray.)
The gnoll sergeant hits you from afar with a +0 trident.
A gnoll comes into view. It is wielding a +0 spear.
The searing ray hits the gnoll sergeant!
The gnoll sergeant is heavily wounded.
The gnoll shouts!
You hear a shout!
The gnoll sergeant hits you from afar with a +0 trident.
The searing ray misses the gnoll sergeant.
* * * LOW HITPOINT WARNING * * *
A gnoll comes into view. It is wielding a +0 halberd.
A gnoll comes into view. It is wielding a +0 spear.
The gnoll sergeant hits you from afar with a +0 trident!
You die...

. ########.####
............###
.......#.....# #
#...#.......#
..g#.#..#.....#
#..g∩...#.)...#
..#.#..#)....#
.#...#g.@..###
#........##.#
##..........# ....
#.##..........## ..P.
#....####......######
.....#.##
###.###.....#
.....#.# #'# #####.#
.P...#.####### ...
#.#
.............#######
#.#


You could see a gnoll sergeant and 2 gnolls.

Vanquished Creatures
  Eustachio (D:4)
  A vampire bat (D:3)
  2 human zombies (Ossuary)
  An orc priest (D:4)
  A hound skeleton (D:2)
  5 mummies (Ossuary)
  2 adders
  3 gnolls (D:3)
  2 worms
  5 dart slugs
  7 orcs
  8 ball pythons
  9 endoplasms
  5 giant cockroaches
  6 goblins
  3 hobgoblins
  12 jackals
  3 kobolds
  4 quokkas
  7 bats
  3 frilled lizards
  A gnoll zombie (Ossuary)
  3 kobold zombies (Ossuary)
  An orc zombie (Ossuary)
  4 rats
99 creatures vanquished.

Vanquished Creatures (others)
  27 plants (D:4)
27 creatures vanquished.

Grand Total: 126 creatures vanquished

Notes
Turn   | Place    | Note
-------+----------+-------------------------------------------
     0 | D:1      | mortz the Djinni Conjurer began the quest for the Orb.
     0 | D:1      | Reached XP level 1. HP: 15/15 MP: 0/0
    71 | D:1      | Reached XP level 2. HP: 13/21 MP: 0/0
   355 | D:1      | Reached XP level 3. HP: 14/25 MP: 0/0
   355 | D:1      | Learned a level 1 spell: Beastly Appendage
   644 | D:1      | Reached skill level 4 in Spellcasting
  1239 | D:2      | Reached XP level 4. HP: 29/31 MP: 0/0
  2098 | D:3      | Reached XP level 5. HP: 32/35 MP: 0/0
  2098 | D:3      | Learned a level 2 spell: Ensorcelled Hibernation
  2570 | D:3      | Reached skill level 1 in Axes
  2968 | D:3      | Found Pajeonk's Antique Weapon Shop.
  3009 | D:3      | Reached XP level 6. HP: 38/40 MP: 0/0
  3174 | D:3      | Found a glowing golden altar of the Shining One.
  3293 | D:4      | Noticed Eustachio
  3300 | D:4      | Killed Eustachio
  3301 | D:4      | Reached skill level 1 in Armour
  3301 | D:4      | Reached skill level 5 in Spellcasting
  3547 | D:4      | Found a sand-covered staircase.
  3552 | Ossuary  | Entered an ossuary
  3588 | Ossuary  | Reached XP level 7. HP: 26/45 MP: 0/0
  3588 | Ossuary  | Learned a level 3 spell: Lesser Beckoning
  4655 | D:4      | Found Geixuph's Distillery.
  4681 | D:4      | Slain by a gnoll sergeant

Illustrated notes

Levels and vault maps discovered:
D:1:      dpeg_arrival_pits, layout_rooms, ebering_dispersal_statue_hall,
          minmay_misc_feat_roman
D:2:      layout_rooms, minmay_crystal_room
D:3:      layout_rooms, nicolae_overflow_hidden_temple, serial_shops,
          nicolae_shop_hallway_plus, roderic_batcave, minmay_cupped
D:4:      layout_loops_ring, gammafunk_temple_overflow_elements, serial_shops,
          nicolae_shop_advertising_works [nicolae_subvault_shop_adworks],
          enter_ossuary_2, nicolae_zen_rock_garden, minmay_door_square,
          minmay_misc_feat_square, nicolae_grassy_gnolls, uniq_eustachio

Skill      XL: |  1  2  3  4  5  6  7 |
---------------+----------------------+-----
Spellcasting   | 4 5 |  5.2
Stealth        | 2 |  2.8
Axes           | 1 2 |  2.1
Armour         | 1 |  1.7
Fighting       | |  0.4
Long Blades    | |  0.7
Dodging        | |  2.7
Evocations     | |  0.3

Action                   |  1- 3 |  4- 6 |  7- 9 || total
-------------------------+-------+-------+-------++-------
Melee: Falchion          |       |       |    10 ||    10
 Cast: Magic Dart        |    51 |    79 |    20 ||   150
       Searing Ray       |     3 |    10 |     7 ||    20
Evoke: Wand              |       |     5 |    11 ||    16
Armor: Robe              |     3 |     1 |       ||     4
       Leather armour    |       |     4 |     2 ||     6
Dodge: Dodged            |     2 |    12 |     9 ||    23
